AoeStats
← meditator27

Arena

507815316Analyzed
4v4 RM · 11d ago on Sep 19, 2026· 41m 43s· 8 players
Game mode
Random Map
Map size
Large (8 player)
Population
200
Speed
Normal
Resources
Standard
Victory
Conquest
Starting age
Dark Age
Ending age
Imperial Age
RankedLock teamsTeams togetherTeam positionsShared explorationLock speedFull tech treeHidden civsTurbo modeCheats
Victory
Defeat
🇮🇳 Japanese · India
1302
+15
🇮🇳 Magyars · India
1291
+15
🇮🇳 Mongols · India
1285
+15
🇮🇳 Hindustanis · India
1246
+17
🇺🇸 Hindustanis · United States
1323
-18
🇺🇸 Italians · United States
1272
-16
🇹🇼 Bohemians · Taiwan
1261
-15
🇹🇼 Poles · Taiwan
1221
-13
meditator27
10:38 Feudal Age
15:04 Castle Age
13:23 Double-Bit Axe
13:32 Horse Collar
16:11 Bow Saw
16:42 Loom
22:32 Forging
24:28 Wheelbarrow
28:57 Imperial Age
28:48 Chemistry
33:27 Hand Cart
34:45 Ballistics
35:10 Padded Archer Armor
35:32 Conscription
38:23 Pikeman
38:55 Halberdier
Red
7:55 Loom
10:05 Feudal Age
11:38 Horse Collar
15:53 Castle Age
14:13 Double-Bit Axe
18:51 Wheelbarrow
20:00 Hand Cart
22:12 Treadmill Crane
23:23 Heavy Plow
TTV_EpicZacc_Zac
10:51 Feudal Age
11:44 Double-Bit Axe
15:43 Castle Age
16:57 Bow Saw
16:51 Horse Collar
22:22 Gold Mining
24:45 Wheelbarrow
23:57 Loom
24:29 Fletching
24:43 Padded Archer Armor
24:41 Pikeman
25:42 Squires
25:54 Forging
25:45 Scale Mail Armor
27:18 Iron Casting
27:05 Heavy Plow
29:04 Chain Mail Armor
28:46 Bodkin Arrow
29:06 Leather Archer Armor
30:03 Hand Cart
30:58 Stone Mining
34:03 Imperial Age
32:35 Thumb Ring
31:52 Elite Skirmisher
34:20 Stone Shaft Mining
34:47 Bracer
35:18 Ring Archer Armor
35:54 Chemistry
36:23 Ballistics
WhY.So.SeRiOuS
11:20 Feudal Age
15:15 Castle Age
13:09 Double-Bit Axe
14:16 Horse Collar
14:35 Gold Mining
20:01 Bow Saw
21:52 Heavy Plow
22:22 Loom
23:13 Wheelbarrow
27:16 Imperial Age
25:32 Forging
25:28 Scale Barding Armor
25:23 Loom
26:20 Gold Shaft Mining
26:18 Stone Mining
27:13 Iron Casting
27:09 Bloodlines
27:00 Husbandry
27:22 Chain Barding Armor
27:20 Heavy Camel Rider
28:19 Hand Cart
29:49 Blast Furnace
30:05 Chemistry
29:49 Plate Barding Armor
29:35 Imperial Camel Rider
31:37 Conscription
32:19 Fortified Wall
37:24 Fletching
37:34 Padded Archer Armor
38:17 Thumb Ring
38:09 Bodkin Arrow
38:36 Ballistics
38:22 Elite Skirmisher
PaikSiegePush
4:32 Loom
10:53 Feudal Age
17:06 Castle Age
15:20 Double-Bit Axe
15:52 Horse Collar
16:12 Gold Mining
18:10 Bow Saw
19:00 Gold Shaft Mining
21:19 Scale Barding Armor
22:30 Chain Barding Armor
26:34 Town Watch
27:25 Wheelbarrow
29:15 Corvinian Army
30:57 Hand Cart
31:46 Stone Mining
32:00 Heavy Plow
33:27 Herbal Medicine
37:49 Imperial Age
38:47 Elite Magyar Huszar
39:48 Conscription
40:46 Hoardings
42:18 Plate Barding Armor
audvoid
10:06 Feudal Age
12:49 Double-Bit Axe
15:57 Castle Age
14:21 Horse Collar
24:10 Loom
30:49 Imperial Age
28:57 Wheelbarrow
31:15 Imperial Age
29:25 Masonry
29:27 Scale Barding Armor
29:33 Forging
29:52 Fletching
30:42 Ballistics
31:03 Grand Trunk Road
31:27 Chain Barding Armor
31:43 Iron Casting
31:27 Bodkin Arrow
31:51 Bloodlines
31:41 Husbandry
31:27 Heavy Camel Rider
33:09 Plate Barding Armor
33:38 Conscription
33:54 Imperial Camel Rider
36:19 Blast Furnace
35:21 Bracer
37:34 Hoardings
36:24 Light Cavalry
41:57 Shatagni
42:19 Padded Archer Armor
42:20 Scale Mail Armor
Nawaab
10:20 Feudal Age
11:38 Double-Bit Axe
14:41 Castle Age
12:24 Horse Collar
16:33 Bow Saw
16:24 Heavy Plow
22:47 Wheelbarrow
24:32 Hand Cart
25:07 Gold Mining
25:09 Stone Mining
26:05 Coinage
25:30 Fletching
25:38 Loom
29:04 Imperial Age
27:11 Gold Shaft Mining
27:01 Ballistics
27:10 Bodkin Arrow
27:43 Town Watch
28:16 Husbandry
28:26 Bloodlines
28:24 Thumb Ring
29:29 Town Patrol
30:32 Drill
29:35 Onager
31:34 Chemistry
31:34 Bracer
31:58 Elite Mangudai
33:25 Parthian Tactics
33:30 Conscription
34:08 Siege Engineers
36:06 Coinage
36:44 Padded Archer Armor
37:25 Banking
37:32 Siege Onager
39:35 Capped Ram
40:34 Siege Ram
Anath3mA
10:35 Feudal Age
14:32 Castle Age
12:31 Double-Bit Axe
12:42 Horse Collar
15:40 Bow Saw
15:16 Loom
19:49 Heavy Plow
22:28 Wheelbarrow
22:59 Stone Mining
25:16 Hand Cart
25:33 Gold Mining
27:49 Gold Shaft Mining
30:12 Imperial Age
27:30 Town Watch
28:03 Treadmill Crane
28:34 Fortified Wall
28:36 Masonry
28:47 Fletching
30:03 Squires
29:24 Pikeman
29:51 Arson
30:45 Scale Mail Armor
30:56 Forging
30:41 Bodkin Arrow
31:56 Chain Mail Armor
31:03 Halberdier
32:09 Conscription
32:12 Yasama
32:52 Iron Casting
33:13 Ballistics
33:54 Chemistry
32:51 Guard Tower
32:46 Arrowslits
32:58 Murder Holes
34:07 Hoardings
34:59 Blast Furnace
35:01 Plate Mail Armor
34:31 Bracer
36:44 Siege Engineers
37:18 Keep
36:52 Siege Engineers
39:40 Kataparuto
Connection lost

Rejoining the realm…

Still unreachable

The connection could not be restored.

Session expired

The server has moved on; the page needs a fresh start.